 Dungeon Crawl Stone Soup version 0.19-a0-684-gf760df0 (webtiles) character file.

2639 Teterterus the Cleaver (level 9, -4/78 HPs)
             Began as a Minotaur Fighter on June 18, 2016.
             Slain by Menkaure (16 damage)
             ... on level 7 of the Dungeon.
             The game lasted 00:19:54 (6557 turns).

Teterterus the Cleaver (Minotaur Fighter)           Turns: 6557, Time: 00:19:55

Health: -4/78      AC: 10    Str: 25    XL:     9   Next: 35%
Magic:  12/12      EV:  9    Int:  5    God:
Gold:   332        SH: 12    Dex:  9    Spells: 0 memorised, 13 levels left

rFire  + . .     SeeInvis +     a - +0 war axe
rCold  . . .     Gourm    +     s - +0 chain mail {rF+}
rNeg   . . .     Faith    .     c - +1 shield
rPois  .         Spirit   .     (helmet restricted)
rElec  .         Dismiss  .     (no cloak)
rCorr  .         Reflect  .     (no gloves)
SustAt .         Harm     .     (no boots)
MR     .....                    E - amulet of the gourmand
Stlth  ..........               (no ring)
                                k - ring of see invisible

@: not resistant to hostile enchantments, extremely unstealthy
A: retaliatory headbutt, horns 2
a: no special abilities


You were on level 7 of the Dungeon.
You were completely stuffed.

You visited 1 branch of the dungeon, and saw 7 of its levels.

You collected 332 gold pieces.

Inventory:

Hand Weapons
 a - a +0 war axe (weapon)
Armour
 c - a +1 shield (worn)
 s - a +0 chain mail of fire resistance (worn)
 u - a +0 plate armour
Magical Staves
 e - an uncursed staff of conjuration {unknown}
 p - an uncursed staff of wizardry {unknown}
Jewellery
 k - a ring of see invisible (left hand)
 E - an amulet of the gourmand (around neck)
Wands
 v - a wand of confusion (31/48)
 B - a wand of paralysis (14/24)
 F - a wand of confusion (26/48)
Scrolls
 r - 2 scrolls of recharging
 w - 4 scrolls of teleportation
 z - 2 scrolls of remove curse
 D - 2 scrolls of magic mapping
 G - a scroll of enchant armour
Potions
 d - a potion of might
 l - 3 potions of lignification
 m - a potion of ambrosia
 o - a potion of haste
 q - 2 potions of flight
 t - a potion of magic {unknown}
 x - a potion of cancellation {unknown}
 C - a potion of cure mutation {unknown}
 H - a potion of invisibility {unknown}
 J - a potion of berserk rage {unknown}
Books
 y - a book of Alchemy

   Spells                             Type                      Level
   a - Sublimation of Blood           Necromancy                   2
   b - Ignite Poison                  Fire/Transmutation/Poison    3
   c - Petrify                        Transmutation/Earth          4
   d - Alistair's Intoxication        Transmutation/Poison         5
   e - Irradiate                      Conjuration/Transmutation    5
 A - a book of Annihilations

   Spells                             Type                      Level
   a - Poison Arrow                   Conjuration/Poison           6
   b - Chain Lightning                Conjuration/Air              8
   c - Lehudib's Crystal Spear        Conjuration/Earth            8
   d - Glaciate                       Conjuration/Ice              9
   e - Fire Storm                     Conjuration/Fire             9
Comestibles
 b - 2 beef jerkies
 f - 3 bread rations
 h - 9 fruits
 i - 3 meat rations
 n - 6 slices of pizza
 I - 4 chunks of flesh


   Skills:
 + Level 6.8 Fighting
 * Level 8.5 Axes
 + Level 6.9 Armour
 + Level 5.4 Dodging
 + Level 6.6 Shields
 + Level 2.9 Spellcasting


You had 13 spell levels left.
You didn't know any spells.

Dungeon Overview and Level Annotations

Branches:
Dungeon (7/15)
 Temple: D:4-7

Altars:
Cheibriados
Dithmenos
Elyvilon
Hepliaklqana
Nemelex Xobeh
Pakellas
Qazlal
Ru
Uskayaw
Vehumet
The Shining One

Shops:
D:4 *

Annotations:
D:7 Menkaure


Innate Abilities, Weirdness & Mutations

You reflexively headbutt those who attack you in melee.
You have a pair of horns on your head.


Message History

r - Retreat! s - Stop attacking. w - Wait here. f - Follow me.
Anything else - Stay silent.
Gang up on whom?
Press: ? - help, Dir - move target cursor, f - Menkaure
Aim: Menkaure (almost destroyed, fast) Attack!
Menkaure hits you!
* * * LOW HITPOINT WARNING * * *
Your shield and chain mail prevent you from hitting Menkaure.
You headbutt Menkaure.
Menkaure is almost destroyed.
Menkaure points at you and mumbles some strange words.
Pain shoots through your body!
* * * LOW HITPOINT WARNING * * *
Menkaure calls on the powers of darkness!
You feel a surge of unholy energy.
The freed slave convulses!
A jelly comes into view.
You feel better. Menkaure hits you!
You die...

...........(......#
####..##..)##..>.!.##
######.(.##........
#....).............
#....)..........p#
#................#
##...............#
#...............#
#.........@M....#
#........!......#
+...............#
#.....<.........#
#.............$.#
.............>..#
...J......?.....#
..>.............#


You could see Menkaure, a jelly and a neutral freed slave (wandering).

Vanquished Creatures
  Pikel (D:7)
  2 ice beasts
  An orc warrior (D:7)
  A phantom (D:4)
  A necrophage (D:5)
  4 centaurs
  2 ogres
  5 wights (D:6)
  A vampire bat (D:3)
  A howler monkey (D:6)
  2 crimson imps
  A giant frog zombie (D:5)
  3 orc priests
  2 giant frog skeletons
  3 hounds
  A jelly (D:5)
  Ijyb (D:3)
  4 orc wizards
  7 worker ants
  3 gnolls (D:4)
  7 adders
  An adder zombie (D:5)
  3 worms
  2 dart slugs
  3 fire bats (D:3)
  3 giant geckos
  12 orcs
  2 spectral bats (D:3)
  3 bat skeletons (D:3)
  A bat zombie (D:3)
  6 giant cockroaches
  9 hobgoblins
  6 jackals (D:3)
  5 quokkas
  20 bats
  A bat simulacrum (D:3)
  A giant gecko zombie (D:6)
  5 giant newts
  8 goblins
  6 kobolds
  A quokka skeleton (D:5)
  A quokka zombie (D:7)
  10 rats
162 creatures vanquished.

Vanquished Creatures (others)
  A gargoyle (D:4)
  A jelly (D:7)
  A giant newt (D:7)
3 creatures vanquished.

Grand Total: 165 creatures vanquished

Notes
Turn   | Place    | Note
--------------------------------------------------------------
     0 | D:1      | Teterterus the Minotaur Fighter began the quest for the Orb.
     0 | D:1      | Reached XP level 1. HP: 19/19 MP: 0/0
   105 | D:1      | Reached XP level 2. HP: 27/27 MP: 1/1
   408 | D:1      | Reached skill level 3 in Axes
   577 | D:1      | Reached XP level 3. HP: 33/33 MP: 2/2
  1266 | D:2      | Found a shadowy altar of Dithmenos.
  1267 | D:2      | Found a faded altar of an unknown god.
  1339 | D:2      | Reached XP level 4. HP: 36/40 MP: 2/4
  1382 | D:2      | Found a sacrificial altar of Ru.
  1393 | D:2      | Reached skill level 1 in Dodging
  1592 | D:3      | Reached skill level 1 in Spellcasting
  1592 | D:3      | Reached XP level 5. HP: 47/47 MP: 5/5
  1618 | D:3      | Reached skill level 4 in Axes
  1956 | D:3      | Found a hazy altar of Hepliaklqana.
  2283 | D:3      | Noticed Ijyb
  2298 | D:3      | Killed Ijyb
  2298 | D:3      | Reached XP level 6. HP: 49/53 MP: 6/6
  2309 | D:3      | Found a white marble altar of Elyvilon.
  2491 | D:3      | Found a hide-covered altar of Uskayaw.
  2491 | D:3      | Found a stormy altar of Qazlal.
  2758 | D:4      | Reached skill level 5 in Armour
  2882 | D:4      | Found Latakun's General Store.
  2971 | D:4      | Found a sparkling altar of Nemelex Xobeh.
  3302 | D:4      | Found an oddly glowing altar of Pakellas.
  3303 | D:4      | Noticed a gargoyle
  3317 | D:4      | Killed a gargoyle
  3532 | D:5      | Entered Level 5 of the Dungeon
  3541 | D:5      | Reached skill level 5 in Axes
  3611 | D:5      | Found a shadowy altar of Dithmenos.
  3664 | D:5      | Found a snail-covered altar of Cheibriados.
  3669 | D:5      | Reached XP level 7. HP: 53/60 MP: 8/8
  3859 | D:5      | Reached skill level 5 in Shields
  3886 | D:5      | Reached skill level 5 in Fighting
  4133 | D:5      | Found a radiant altar of Vehumet.
  4540 | D:5      | Reached skill level 6 in Axes
  4716 | D:5      | Found a glowing golden altar of the Shining One.
  4849 | D:5      | Reached XP level 8. HP: 67/67 MP: 8/10
  5581 | D:6      | Reached skill level 7 in Axes
  6361 | D:6      | Reached skill level 5 in Dodging
  6361 | D:6      | Reached XP level 9. HP: 70/76 MP: 11/11
  6401 | D:7      | Noticed Pikel
  6420 | D:7      | Killed Pikel
  6420 | D:7      | Reached skill level 8 in Axes
  6539 | D:7      | Noticed Menkaure
  6556 | D:7      | HP: 1/78 [Menkaure/nerve-wracking pain (7)]
  6557 | D:7      | Slain by Menkaure

Vault maps used:
D:1:      saegor_arrival_miasma, hangedman_glass_garden, minmay_unequal
D:2:      wad_pebble_path, lemuel_crystal_altar,
          nicolae_ru_great_annihilating_truth, ecumenical_altar_2
D:3:      elyvilon_altar_3, overflow_temple_1_default,
          gammafunk_temple_overflow_wave, first_bread, goddamned_bats, uniq_iyjb
D:4:      gammafunk_pakellas_spire_experiment, lemuel_round_altar, serial_shops,
          shop_statue
D:5:      nicolae_tso_swordbearing_angel, lemuel_crystal_altar, basic_altar,
          grunt_dithmenos_smoke_and_mirrors
D:6:      kennysheep_small_square
D:7:      nicolae_gozag_seed_capital, minmay_temple_entry_from_below_a,
          uniq_pikel, uniq_menkaure

Skill      XL: |  1  2  3  4  5  6  7  8  9 |
---------------+----------------------------+-----
Axes           | 3 4 5 6 7 8 |  8.5
Fighting       | 4 5 6 |  6.8
Armour         | 4 5 6 |  6.9
Shields        | 4 5 6 |  6.6
Dodging        | 1 2 3 5 |  5.4
Spellcasting   | 1 2 |  2.9

Action                   |  1- 3 |  4- 6 |  7- 9 || total
-------------------------+-------+-------+-------++-------
Melee: War axe           |    99 |   150 |   247 ||   496
       Headbutt          |     9 |    23 |    44 ||    76
  Use: Scroll            |       |     6 |     7 ||    13
       Potion            |       |       |     4 ||     4
 Stab: Paralysed         |       |     1 |       ||     1
  Eat: Chunk             |     2 |     7 |    26 ||    35
Armor: Scale mail        |    52 |    84 |       ||   136
       Chain mail        |       |    25 |    93 ||   118
Dodge: Dodged            |    35 |    64 |    70 ||   169
Block: Shield            |    61 |   116 |   154 ||   331
